 Dungeon Crawl Stone Soup version 0.21-a0-404-g291f19a (webtiles) character file.

370 Heskey the Skirmisher (level 6, -1/102 HPs)
             Began as an Ogre Berserker on Oct 27, 2017.
             Was a Priest of Trog.
             Slain by Dowan
             ... wielding a +3 dagger of draining
              (3 damage)
             ... on level 4 of the Dungeon.
             The game lasted 00:05:40 (2734 turns).

Heskey the Skirmisher (Ogre Berserker)              Turns: 2734, Time: 00:05:41

Health: -1/102     AC:  3    Str: 29    XL:     6   Next: 70%
Magic:  6/6        EV: 11    Int:  8    God:    Trog [***...]
Gold:   169        SH:  0    Dex:  8    Spells: 5/5 levels left

rFire    . . .     SeeInvis .   g - +2 mace (holy)
rCold    . . .     Gourm    +   (no shield)
rNeg     . . .     Faith    .   b - +0 animal skin
rPois    .         Spirit   .   (helmet restricted)
rElec    .         Reflect  .   (no cloak)
rCorr    .         Harm     .   (gloves unavailable)
MR       .....                  (boots unavailable)
Stlth    ..........             h - amulet of the gourmand
HPRegen  0.27/turn              e - ring of flight
MPRegen  0.10/turn              (no ring)

@: berserking (expiring), drained, very quick
A: unfitting armour, tough skin 1
a: Berserk, Trog's Hand, Burn Spellbooks, Renounce Religion, Evoke Flight


You were on level 4 of the Dungeon.
You worshipped Trog.
Trog was most pleased with you.
You were not hungry.

You visited 1 branch of the dungeon, and saw 4 of its levels.

You collected 169 gold pieces.

Inventory:

Hand Weapons
 g - a +2 mace of holy wrath (weapon)
Missiles
 a - 3 exploding tomahawks (quivered)
 o - 11 tomahawks
Armour
 b - a +0 animal skin (worn)
Jewellery
 e - a ring of flight (left hand)
 h - an amulet of the gourmand (around neck)
Scrolls
 i - 2 scrolls of remove curse {unknown}
 m - 2 scrolls of teleportation {unknown}
 n - a scroll of blinking {unknown}
Potions
 d - a potion of heal wounds {unknown}
 j - a potion of flight {unknown}
 k - 2 potions of curing {unknown}
 p - a potion of degeneration {unknown}
Comestibles
 c - 3 bread rations
 f - 2 meat rations
 l - 2 royal jellies


   Skills:
 + Level 6.4(5.8) Fighting
 + Level 4.4(3.8) Maces & Flails
 + Level 4.4(3.8) Dodging


You had 5 spell levels left.
You didn't know any spells.

Dungeon Overview and Level Annotations

Branches:
Dungeon (4/15)
 Temple: D:4-7

Altars:
Gozag
Qazlal

Annotations:
D:4 Dowan


Innate Abilities, Weirdness & Mutations

You are too large for most types of armour.
You have tough skin. (AC +1)


Message History

Dowan hits you with a dagger of draining.
You feel drained. The orc closely misses you. Duvessa hits you with a rapier!
* * * LOW HITPOINT WARNING * * *
You closely miss Duvessa.
Duvessa is almost dead.
The orc priest calls down the wrath of Beogh upon you.
Beogh smites you!
* * * LOW HITPOINT WARNING * * *
Dowan hits you with a dagger of draining.
* * * LOW HITPOINT WARNING * * *
You feel drained.
You thump Duvessa!
You kill Duvessa!
Trog accepts your kill.
Dowan screams, "No!
Oh no!"
Dowan seems to find hidden reserves of power!
The orc hits you from afar with a trident.
* * * LOW HITPOINT WARNING * * *
Dowan hits you with a dagger of draining.
You die...

≈♣...♣.....###...#...#.#
♣≈.......♣.# ###<#.###.#
≈♣.♣....♣♣.# #.#.....#
≈P♣....♣♣#.# #.#######
♣≈P♣♣♣.♣ #.# #.#
≈♣♣≈♣P.♣ #.# #>###
≈≈≈...♣♣ ### ##...####
§≈♣..♣P♣ ##.......#
≈♣≈§..P♣ #.o@#.##.#
≈P§§§.♣ #.e)#.# #
§§§§... #o.oo.# ♣§≈.♣P
.....### §.... .##...#
..♣. #. ..#.# . .###.#
.. ..#


You could see Dowan, an orc priest and 3 orcs.

Vanquished Creatures
  Duvessa (D:4)
  A hound (D:4)
  Jessica (D:3)
  An orc wizard (D:3)
  A worker ant (D:3)
  6 adders
  An ooze (D:2)
  4 worms
  5 dart slugs
  3 leopard geckos
  11 orcs
  A ball python (D:2)
  A giant cockroach (D:2)
  3 goblins
  9 hobgoblins
  7 kobolds
  2 quokkas
  8 bats
  2 frilled lizards
  A jackal skeleton (D:4)
  2 quokka skeletons (D:4)
  11 rats
82 creatures vanquished.

Vanquished Creatures (others)
  2 plants (D:4)
2 creatures vanquished.

Grand Total: 84 creatures vanquished

Notes
Turn   | Place    | Note
-------+----------+-------------------------------------------
     0 | D:1      | Heskey the Ogre Berserker began the quest for the Orb.
     0 | D:1      | Reached XP level 1. HP: 24/24 MP: 1/1
    75 | D:1      | Reached XP level 2. HP: 32/32 MP: 2/2
   382 | D:1      | Reached XP level 3. HP: 40/40 MP: 3/3
   873 | D:2      | Reached ** piety under Trog
   897 | D:2      | Reached XP level 4. HP: 43/49 MP: 4/4
   903 | D:2      | Noticed an air elemental
   905 | D:2      | Found a stormy altar of Qazlal.
   906 | D:2      | Noticed a fire elemental
   906 | D:2      | Noticed a water elemental
   906 | D:2      | Noticed an earth elemental
   979 | D:2      | Reached skill level 5 in Fighting
  1455 | D:3      | Found an opulent altar of Gozag.
  1564 | D:3      | Reached XP level 5. HP: 41/57 MP: 5/5
  1787 | D:3      | Found a faded altar of an unknown god.
  1824 | D:3      | Reached *** piety under Trog
  1841 | D:3      | Noticed Jessica
  1845 | D:3      | Killed Jessica
  2284 | D:4      | Reached XP level 6. HP: 30/67 MP: 6/6
  2664 | D:4      | Reached skill level 6 in Fighting
  2721 | D:4      | Noticed Dowan
  2722 | D:4      | Noticed Duvessa
  2734 | D:4      | Killed Duvessa
  2734 | D:4      | HP: 2/102 [orc/trident (6)]
  2734 | D:4      | Slain by Dowan

Vault maps used:
D:1:      lightli_arrival_maybe_door_vault
D:2:      nicolae_qazlal_style_of_elements
D:3:      nicolae_gozag_cash_rules_everything_around_me,
          chequers_ecumenical_altar_simple, first_bread, nrook_mini_backslash,
          uniq_jessica
D:4:      wad_woods_pond, elyvilon_altar_1, minmay_stone_trees_large,
          nemelex_diamond_rough_becter, uniq_duvessa

Skill      XL: |  1  2  3  4  5  6 |
---------------+-------------------+-----
Maces & Flails | 3 4 |  4.4
Dodging        | 3 4 |  4.4
Fighting       | 5 6 |  6.4

Action                   |  1- 3 |  4- 6 || total
-------------------------+-------+-------++-------
Melee: Mace              |    76 |   163 ||   239
Invok: Berserk           |       |     1 ||     1
  Eat: Chunk             |       |     7 ||     7
Armor: Animal skin       |    24 |    39 ||    63
Dodge: Dodged            |    42 |    83 ||   125

Table legend:
 A = Spawn XP
 B = Non-spawn XP
 C = Spawn XP percentage of total XP
 D = Spawn monster count
 E = Non-spawn monster count
 F = Spawn count percentage of total count
 G = Total turns spent on level
                    A         B        C        D         E        F      G
               +---------+---------+-------+---------+---------+-------+---------
         Total |       0 |     529 |   0.0 |       0 |      82 |   0.0 |  2734
               +---------+---------+-------+---------+---------+-------+---------
           D:1 |       0 |      35 |   0.0 |       0 |      18 |   0.0 |   416
           D:2 |       0 |      84 |   0.0 |       0 |      26 |   0.0 |  1004
           D:3 |       0 |     185 |   0.0 |       0 |      25 |   0.0 |   766
           D:4 |       0 |     225 |   0.0 |       0 |      13 |   0.0 |   548
               +---------+---------+-------+---------+---------+-------+---------
